 Dungeon Crawl Stone Soup version 0.31-b1-18-g61460d1e46 (webtiles) character file.

Game seed: 8060066366977847721

2302 Sobieck the Fighter (level 9, -7/101 HPs)
             Began as an Oni Warper on Jan 16, 2024.
             Was a Priest of Okawaru.
             Mangled by Menkaure (14 damage)
             ... on level 6 of the Dungeon.
             The game lasted 00:11:09 (6184 turns).

Sobieck the Fighter (Oni Warper)                    Turns: 6184, Time: 00:11:10

Health: -7/101     AC:  4    Str: 21    XL:     9   Next: 40%
Magic:  16/17      EV: 11    Int: 14    God:    Okawaru [***...]
Gold:   271        SH:  0    Dex:  8    Spells: 17/19 levels left

rFire   . . .        h - +0 giant club
rCold   + . .        (shield currently unavailable)
rNeg    . . .        r - +1 robe
rPois   +            (helmet restricted)
rElec   .            (no cloak)
rCorr   .            (gloves unavailable)
SInv    .            (boots unavailable)
Will    .....        (no amulet)
Stlth   ++           c - ring of protection from cold
HPRegen 0.36/turn    o - ring of poison resistance
MPRegen 0.15/turn

%: no passive effects
@: heroic
A: large, unfitting armour, horns 1, tough skin 1, double potion healing,
drunken brawling
a: Renounce Religion, Heroism


You were on level 6 of the Dungeon.
You worshipped Okawaru.
Okawaru was most pleased with you.
You visited 1 branch of the dungeon, and saw 6 of its levels.

You collected 271 gold pieces.

Inventory:

Hand Weapons
 a - a +0 mace
 h - a +0 giant club (weapon)
 n - a +0 giant spiked club
 q - a +0 flail
Missiles
 j - 19 stones (quivered)
 t - 8 boomerangs
 w - 5 large rocks
 K - 7 darts of dispersal
 Z - 2 throwing nets
Armour
 r - a +1 robe (worn)
Jewellery
 c - a ring of protection from cold (left hand)
 d - a ring of ice
 o - a ring of poison resistance (right hand)
Scrolls
 b - a scroll of blinking
 e - 2 scrolls of vulnerability
 g - a scroll of butterflies {unknown}
 k - a scroll of noise
 u - a scroll of revelation {unknown}
 R - a scroll of identify
 T - 3 scrolls of teleportation
Potions
 f - a potion of brilliance
 i - a potion of lignification
 l - a potion of invisibility
 m - a potion of mutation
 p - a potion of cancellation
 s - 2 potions of enlightenment
 Q - a potion of curing


   Skills:
 - Level 10.0(15.0) Fighting
 - Level 7.0(12.0) Maces & Flails
 - Level 1.0(6.0) Throwing
 - Level 2.1(7.1) Dodging
 + Level 5.6 Spellcasting
 + Level 5.0 Translocations
 - Level 3.0 Invocations


You had 17 spell levels left.
You knew the following spells:

 Your Spells              Type           Power      Damage    Failure   Level
a - Blink                 Tloc           36%        N/A       3%          2

Your spell library contained the following spells:

 Spells                   Type           Power      Damage    Failure   Level
 Apportation              Tloc           36%        N/A       1%          1
 Lesser Beckoning         Tloc           36%        N/A       3%          2
 Teleport Other           Tloc           18%        N/A       6%          3
 Necrotise                Necr           12%        1d4       17%         1
 Sting                    Conj/Alch      12%        1d3       17%         1
 Manifold Assault         Tloc           18%        N/A       21%         4
 Sublimation of Blood     Necr           3%         N/A       26%         2
 Dazzling Flash           Conj/Hex       6%         N/A       45%         3
 Mephitic Cloud           Conj/Alch/Air  3%         N/A       45%         3
 Vampiric Draining        Necr           3%         2d6       45%         3
 Vhi's Electric Charge    Tloc/Air       22%        N/A       50%         4
 Petrify                  Alch/Erth      3%         N/A       86%         4
 Curse of Agony           Necr           3%         N/A       99%         5
 Irradiate                Conj/Alch      1%         3d12      99%         5
 Silence                  Hex/Air        1%         N/A       99%         5
 Summon Small Mammal      Summ           Unusable   N/A       N/A         1
 Martyr's Knell           Necr/Summ      Unusable   N/A       N/A         4

Dungeon Overview and Level Annotations

Branches:
Dungeon (6/15)             Temple (0/1) D:5

Altars:
Elyvilon
Makhleb
Okawaru
Sif Muna
Vehumet
Wu Jian

Annotations:
D:6 Jeremiah, Menkaure


Innate Abilities, Weirdness & Mutations

You are too large for most types of armour.
You have a pair of small horns on your head.
You have tough skin. (AC +1)
You gain doubled healing and magic from potions.
Whenever you drink a healing potion, you attack all around you.


Message History

A hound is nearby!
Danger!
Unknown command.
Unknown command.
You barely miss the hound. The hound bites you. The hound closely misses you.
You closely miss the hound. Your headbutt misses the hound.
The hound bites you but does no damage. The hound barely misses you.
You closely miss the hound. The hound barely misses you.
Menkaure, Prince of Dust comes into view.
You miss the hound. You headbutt the hound.
The hound is moderately wounded.
The hound bites you but does no damage. The hound completely misses you.
You closely miss the hound. Your headbutt misses the hound.
The hound is moderately wounded.
The hound barely misses you. The hound bites you but does no damage.
You closely miss the hound.
The hound is moderately wounded.
The hound bites you.
Menkaure calls on the powers of darkness!
The hound convulses!
Your body is wracked with pain!
The hound bites you but does no damage.
Unknown command.
You gain the combat prowess of a mighty hero.
The hound bites you. x2
Unknown command.
You closely miss the hound. Your headbutt misses the hound.
The hound is heavily wounded.
The hound bites you but does no damage.
You miss the hound.
The hound is heavily wounded.
The hound bites you.
Menkaure calls on the powers of darkness!
The hound convulses!
Your body is wracked with pain!
* * * LOW HITPOINT WARNING * * *
The hound bites you but does no damage.
Unknown command.
You barely miss the hound.
The hound is severely wounded.
The hound barely misses you.
Unknown command.
You bludgeon the hound!!
You kill the hound!
Okawaru accepts your kill.
You barely miss Menkaure. Menkaure hits you!
* * * LOW HITPOINT WARNING * * *
Unknown command.
You thump Menkaure!
Menkaure is heavily damaged.
Menkaure hits you!
You die...

#### ...# #.###
##...##
#.....#### ##
#<.......##.##
+............#
+@#..).......#.
##M.##.........
#....#.........
#..............
#....#...###...
#..........# ..
.)....#.....# #
##..###.......
#.h ##.......


You could see Menkaure.

Vanquished Creatures
  A two-headed ogre (D:5)
  Pikel (D:5)
  Edmund (D:6)
  A water moccasin (D:5)
  2 black bears (D:5)
  An ogre (D:5)
  A centaur (D:5)
  A scorpion (D:3)
  6 orc priests
  A hound (D:6)
  A sleepcap (D:4)
  6 orc wizards
  3 iguanas (D:5)
  3 gnolls
  4 adders
  3 dart slugs
  4 ribbon worms
  26 orcs
  4 bats
  8 endoplasms
  8 giant cockroaches
  8 goblins
  6 hobgoblins
  2 jackals (D:1)
  5 kobolds
  4 quokkas
  3 ball pythons
  5 frilled lizards
  6 rats
125 creatures vanquished.

Notes
Turn   | Place    | Note
-------+----------+-------------------------------------------
     0 | D:1      | Sobieck the Oni Warper began the quest for the Orb.
     0 | D:1      | Reached XP level 1. HP: 22/22 MP: 3/3
   146 | D:1      | Reached skill level 3 in Fighting
   198 | D:1      | Reached XP level 2. HP: 28/31 MP: 5/5
   613 | D:1      | Reached XP level 3. HP: 37/37 MP: 6/6
   615 | D:1      | Reached skill level 3 in Maces & Flails
  1043 | D:2      | Learned a level 2 spell: Blink
  1435 | D:2      | Reached skill level 4 in Fighting
  1435 | D:2      | Reached XP level 4. HP: 42/48 MP: 7/7
  1803 | D:2      | You fall into a shaft and drop 1 floor!
  1803 | D:3      | Found a white marble altar of Elyvilon.
  2314 | D:3      | Found a radiant altar of Vehumet.
  2429 | D:3      | Found an iron altar of Okawaru.
  2678 | D:3      | Became a worshipper of Warmaster Okawaru
  2828 | D:3      | Reached XP level 5. HP: 36/55 MP: 8/8
  3144 | D:3      | Reached skill level 5 in Fighting
  3144 | D:3      | Reached XP level 6. HP: 19/66 MP: 9/9
  3484 | D:4      | Reached * piety under Okawaru
  3874 | D:4      | Found a burning altar of Makhleb.
  3874 | D:4      | Noticed a balrug
  4019 | D:5      | Entered Level 5 of the Dungeon
  4019 | D:5      | Found an ornate altar of the Wu Jian Council.
  4181 | D:5      | Reached XP level 7. HP: 74/74 MP: 10/10
  4253 | D:4      | Reached skill level 1 in Invocations
  4263 | D:4      | Reached skill level 6 in Maces & Flails
  4333 | D:5      | Reached skill level 6 in Fighting
  4576 | D:5      | Found a shimmering blue altar of Sif Muna.
  4741 | D:5      | Reached ** piety under Okawaru
  4872 | D:5      | Reached skill level 3 in Invocations
  4872 | D:5      | Reached XP level 8. HP: 39/84 MP: 9/11
  4880 | D:5      | Reached skill level 7 in Fighting
  5104 | D:5      | Found a staircase to the Ecumenical Temple.
  5276 | D:5      | Noticed a two-headed ogre
  5286 | D:5      | Killed a two-headed ogre
  5286 | D:5      | Reached *** piety under Okawaru
  5287 | D:5      | Reached skill level 10 in Fighting
  5287 | D:5      | Reached skill level 3 in Spellcasting
  5287 | D:5      | Reached skill level 3 in Translocations
  5546 | D:5      | Reached XP level 9. HP: 87/101 MP: 13/15
  5851 | D:6      | Noticed Jeremiah
  5851 | D:6      | Noticed Pikel
  5861 | D:5      | Killed Pikel
  6113 | D:6      | Noticed Edmund
  6123 | D:6      | Killed Edmund
  6174 | D:6      | Noticed Menkaure
  6184 | D:6      | Mangled by Menkaure

Illustrated notes

Levels and vault maps discovered:
D:1:      dpeg_arrival_windows_large_door, layout_loops_corners
D:2:      wander_river, layout_loops_ring
D:3:      layout_rooms, elyvilon_altar_5, marbit_many_paths, okawaru_trees_2,
          amcnicky_mini_pool_small
D:4:      layout_cave_pools, makhleb_altar_promises_db
D:5:      layout_cave_pools, mainiacjoe_overflow_24_doors, lemuel_crystal_altar,
          minmay_temple_entry_hall
D:6:      minmay_general_purpose_star, layout_cave_pools,
          mainiacjoe_overflow_cross_hatched, kennysheep_generic_room_6,
          uniq_edmund, uniq_jeremiah, uniq_sigmund, uniq_crazy_yiuf_cottage,
          uniq_pikel, uniq_menkaure

Skill      XL: |  1  2  3  4  5  6  7  8  9 |
---------------+----------------------------+-----
Fighting       | 3 4 5 6 10 | 10.0
Maces & Flails | 3 4 5 7 |  7.0
Invocations    | 3 |  3.0
Spellcasting   | 4 5 |  5.6
Translocations | 3 5 |  5.0
Throwing       | |  1.0
Dodging        | |  2.1

Action                     |  1- 3 |  4- 6 |  7- 9 || total
---------------------------+-------+-------+-------++-------
  Melee: Mace              |   132 |    69 |       ||   201
         Headbutt          |    20 |    31 |    23 ||    74
         Punch             |     1 |     4 |     2 ||     7
         Flail             |       |    84 |   118 ||   202
         Giant club        |       |       |    49 ||    49
  Throw: Stone             |       |       |     4 ||     4
         Large rock        |       |       |     1 ||     1
 Invoke: Heroism           |       |       |     5 ||     5
    Use: Potion            |       |     4 |     6 ||    10
         Scroll            |       |    12 |       ||    12
 Armour: Robe              |   111 |   124 |   186 ||   421
         Skin              |       |     9 |       ||     9
  Dodge: Dodged            |    84 |    71 |    95 ||   250
